 Dungeon Crawl Stone Soup version 0.28.0-53-g5a82cb258f (webtiles) character file.

Game seed: 5607815604525374010

9006 hawla the Arsonist (level 11, -14/55 HPs)
             Began as a Felid Fire Elementalist on June 2, 2022.
             Was a High Priest of Jiyva.
             Shot with an arrow by a centaur warrior (26 damage)
             ... on level 13 of the Dungeon.
             The game lasted 00:43:54 (13313 turns).

hawla the Arsonist (Felid Fire Elementalist)       Turns: 13313, Time: 00:43:55

Health: -14/55     AC:  2    Str:  4    XL:     11   Next: 17%
Magic:  18/18      EV: 22    Int: 20    God:    Jiyva [*****.]
Gold:   260        SH:  5    Dex: 18    Spells: 7/18 levels left
                                        Lives:  0   Deaths: 3

rFire   . . .      SeeInvis +     - Unarmed
rCold   . . .      Faith    .   (shield unavailable)
rNeg    . . .      Spirit   .   (armour unavailable)
rPois   +          Reflect  +   (helmet unavailable)
rElec   .          Harm     .   (cloak unavailable)
rCorr   +          Rampage  .   (gloves unavailable)
Will    +....                   (boots unavailable)
Stlth   +++.......              e - amulet of reflection
HPRegen 1.62/turn               (no ring)
MPRegen 0.61/turn               (no ring)

@: marked, quick
A: very small, claws 1, fangs 3, see invisible, speed 1, shaggy fur 2, stealthy
paws, no weapons or thrown items, no armour, multi-lived, clever 1, mutation
resistance 1, poison resistance, robust 3, weak 1, tendrils
a: Renounce Religion, Oozemancy, Slimify


You were on level 13 of the Dungeon.
You worshipped Jiyva.
Jiyva was extremely pleased with you.
You visited 1 branch of the dungeon, and saw 13 of its levels.
You also visited: Sewer.

You collected 460 gold pieces.
You spent 200 gold pieces at shops.

Inventory:

Jewellery
 e - an amulet of reflection (around neck)
 n - a ring of protection from fire
Wands
 f - a wand of flame (8)
 k - a wand of polymorph (3)
 m - a wand of acid (5)
Scrolls
 j - 4 scrolls of identify
Potions
 b - 2 potions of flight
 c - 2 potions of haste
 h - 2 potions of brilliance
 i - a potion of resistance


   Skills:
 + Level 2.3 Fighting
 + Level 7.3 Dodging
 - Level 3.3 Stealth
 - Level 1.1 Unarmed Combat
 - Level 4.0 Spellcasting
 + Level 7.0 Conjurations
 + Level 13.8 Fire Magic
 * Level 4.3 Poison Magic
 + Level 0.5 Evocations


You had 7 spell levels left.
You knew the following spells:

 Your Spells              Type           Power      Damage    Failure   Level
a - Foxfire               Conj/Fire      100%       2x1d9     1%          1
b - Scorch                Fire           100%       2d10      1%          2
c - Flame Wave            Conj/Fire      45%        2d10      1%          4
d - Olgreb's Toxic Radia  Pois           21%        N/A       22%         4

Your spell library contained the following spells:

 Spells                   Type           Power      Damage    Failure   Level
 Conjure Flame            Conj/Fire      45%        6-21      1%          3
 Sticky Flame             Conj/Fire      45%        2d6       1%          4
 Inner Flame              Hex/Fire       31%        N/A       2%          3
 Ignite Poison            Fire/Tmut/Pois 28%        N/A       3%          3
 Sting                    Tmut/Pois      48%        1d5       5%          1
 Poisonous Vapours        Pois/Air       24%        N/A       8%          2
 Gell's Gravitas          Tloc           4%         N/A       36%         3
 Lesser Beckoning         Tloc           4%         N/A       36%         3
 Teleport Other           Tloc           4%         N/A       36%         3
 Ozocubu's Refrigeration  Ice            2%         4d5       100%        7
 Ignition                 Fire           28%        3d9       96%         8


Dungeon Overview and Level Annotations

Branches:
Dungeon (13/15)            Temple (0/1) D:6            Lair (0/6) D:10
    Orc (0/2) D:10          Sewer (visited)
 Vaults: D:13-14

Altars:
Ashenzari
Cheibriados
Dithmenos
Elyvilon
Hepliaklqana
Kikubaaqudgha
Uskayaw
Vehumet
Yredelemnul
The Shining One

Shops:
D:1 =   D:2 (   D:6 (:   D:7 *:   D:11 *


Innate Abilities, Weirdness & Mutations

You have sharp claws.
You have razor-sharp teeth.
You have supernaturally acute eyesight. (SInv)
You cover ground quickly. (Speed+)
You are covered in thick fur. (AC +2)
Your paws help you pounce on unaware monsters.
You are incapable of wielding weapons or throwing items.
You cannot wear armour.
You gain extra lives every three experience levels.
Your mind is acute. (Int +2)
You are somewhat resistant to further mutation.
Your system is resistant to poisons. (rPois)
You are extremely robust. (+30% HP)
You are weak. (Str -2)
You are covered in slimy tendrils that may disarm your opponents.


Message History

You hear a shout! x2; You hear a roar!
You hear two shouts!
You hear a shout! x4
You now have enough gold to buy a book of Spatial Translocations on D:6.
You can access your shopping list by pressing '$'.
You now have 260 gold pieces (gained 19).
You open the door.
A centaur warrior comes into view.
The centaur warrior wields a +0 longbow.
The centaur warrior shoots an arrow.
You reflect the arrow off an invisible shield around you!
The arrow hits the centaur warrior!
Unknown command.
Casting: Foxfire (safe; 1% risk of failure)
Confirm with . or Enter, or press ? or * to list all spells.
You conjure some foxfire!
Casting: Foxfire (safe; 1% risk of failure)
Confirm with . or Enter, or press ? or * to list all spells.
You conjure some foxfire!
The foxfire hits the centaur warrior.
The centaur warrior is moderately wounded.
Casting: Foxfire (safe; 1% risk of failure)
Confirm with . or Enter, or press ? or * to list all spells.
You conjure some foxfire!
The foxfire hits the centaur warrior!
The centaur warrior is heavily wounded.
The foxfire hits the centaur warrior!
The centaur warrior is heavily wounded.
The centaur warrior shoots an arrow.
You reflect the arrow off an invisible shield around you!
The arrow hits your foxfire!
The foxfire hits the centaur warrior.
The centaur warrior is severely wounded.
The centaur warrior shoots an arrow.
The arrow misses you.
The foxfire hits the centaur warrior.
The centaur warrior is severely wounded.
The foxfire hits the centaur warrior.
The centaur warrior is severely wounded.
The centaur warrior shoots an arrow.
The arrow hits you!
You shudder from the blast and a jelly pops out!
The centaur warrior shoots an arrow.
The arrow hits you!!
* * * LOW HITPOINT WARNING * * *
You shudder from the blast and a flood of jellies pours out from you!
The centaur warrior shoots an arrow.
The arrow hits you!!
You die...

######
#....######
#....#....#
#....'....#
#....#######
#...J@.....#
#...J.§J...#
#....§.J...#
#####......#
#.?c...#
########
#..<...#
#......#
#......#
#......#
#......#
#.......
#......#
#.......


You could see a centaur warrior (ally target), a friendly rockslime (summoned)
and 3 friendly quicksilver oozes.

Vanquished Creatures
  A centaur warrior (D:12)
  2 two-headed ogres
  Erica (D:11)
  Pikel (D:6)
  A deep elf pyromancer (D:12)
  2 centaur zombies
  2 gargoyles
  The ghost of pkoi the Gusty, a novice DgAE (D:5)
  2 kobold demonologists (D:10)
  A komodo dragon (D:12)
  3 trolls
  A hornet (D:11)
  A shadow (D:10)
  6 yaks
  2 vampires
  A wyvern (D:9)
  A wraith (D:10)
  6 vampire mosquitoes
  2 water moccasins
  An ice beast (D:6)
  3 orc warriors
  A sky beast (D:7)
  3 necrophages
  An ogre (D:7)
  4 centaurs
  3 lemures (D:6)
  A phantom (D:4)
  3 kobold brigands
  A bullfrog (D:8)
  A wyvern zombie (D:6)
  2 gnoll sergeants (D:9)
  2 scorpions
  A water moccasin skeleton (D:4)
  6 killer bees (D:10)
  3 wights (D:7)
  4 howler monkeys
  5 hounds
  2 jellies (Sewer)
  2 orc priests (D:8)
  Jessica (D:2)
  Terence (D:2)
  An iguana (D:5)
  6 orc wizards
  4 howler monkey zombies
  11 gnolls
  A river rat (Sewer)
  7 adders
  An adder zombie (D:5)
  2 worms (Sewer)
  A dart slug (D:1)
  19 orcs
  9 ball pythons
  3 bats
  A bat skeleton (D:5)
  11 endoplasms
  7 giant cockroaches
  2 goblins
  5 hobgoblins
  16 jackals
  5 frilled lizards
  13 kobolds
  9 rats
222 creatures vanquished.

Vanquished Creatures (collateral kills)
  Fannar (D:12)
  A two-headed ogre (D:12)
  A deep elf pyromancer (D:12)
  4 kobolds (D:6)
  A foxfire (D:8)
8 creatures vanquished.

Vanquished Creatures (others)
  Gastronok (D:9)
  2 kobold demonologists (D:12)
  A slime creature (D:9)
  A wyvern (D:9)
  A yak (D:8)
  2 hornet zombies
  An orc warrior (D:9)
  A necrophage (D:6)
  An ogre (D:6)
  A centaur (D:6)
  A lemure (D:6)
  A kobold brigand (D:12)
  2 bullfrogs (D:8)
  2 vampire bats (D:5)
  A centaur zombie (D:8)
  2 hounds (D:5)
  45 jellies
  2 orc priests
  A bullfrog skeleton (D:6)
  An iguana (D:5)
  An orc wizard (D:9)
  5 gnolls
  An ufetubus (D:5)
  8 orcs
  A bat skeleton (D:5)
  5 bat zombies (D:5)
  3 kobolds (D:12)
  470 foxfires
  10 plants
574 creatures vanquished.

Grand Total: 804 creatures vanquished

Notes
Turn   | Place    | Note
-------+----------+-------------------------------------------
     0 | D:1      | hawla the Felid Fire Elementalist began the quest for the
                  | Orb.
     0 | D:1      | Reached XP level 1. HP: 7/7 MP: 4/4
   113 | D:1      | Found Depsock's Jewellery Shop.
   195 | D:1      | Reached skill level 3 in Fire Magic
   198 | D:1      | Reached XP level 2. HP: 11/11 MP: 1/6
   201 | D:1      | Learned a level 2 spell: Scorch
   715 | D:1      | Reached skill level 1 in Conjurations
   978 | D:1      | Reached XP level 3. HP: 14/14 MP: 3/7
  1507 | D:2      | Found a glowing golden altar of the Shining One.
  1665 | D:2      | Noticed Jessica
  1672 | D:2      | Killed Jessica
  1673 | D:2      | Reached XP level 4. HP: 18/18 MP: 1/9
  1856 | D:2      | Found Onujeme's Weapon Emporium.
  2072 | D:2      | Noticed Terence
  2075 | D:2      | Killed Terence
  2419 | D:2      | Learned a level 4 spell: Flame Wave
  2957 | D:3      | Reached XP level 5. HP: 21/21 MP: 7/10
  2961 | D:3      | Reached skill level 4 in Fire Magic
  3715 | D:4      | Noticed a phantom
  3724 | D:4      | Killed a phantom
  3725 | D:4      | Reached skill level 5 in Fire Magic
  3725 | D:4      | Gained mutation: You are covered in thick fur. (AC +2)
                  | [Felid growth]
  3725 | D:4      | Reached XP level 6. HP: 24/24 MP: 1/11
  3937 | D:4      | Found a glowing drain.
  4053 | Sewer    | Entered a sewer
  4595 | Sewer    | Found a viscous altar of Jiyva.
  4825 | Sewer    | Became a worshipper of Jiyva Jyenizui the Shapeless
  5158 | D:4      | Reached XP level 7. HP: 27/27 MP: 8/12
  5488 | D:5      | Entered Level 5 of the Dungeon
  5517 | D:5      | Reached skill level 6 in Fire Magic
  6093 | D:5      | Reached * piety under Jiyva
  6127 | D:5      | Found a basalt altar of Yredelemnul.
  6128 | D:5      | Found a hide-covered altar of Uskayaw.
  6245 | D:5      | Found a large runed translucent door.
  6245 | D:5      | Found a large runed translucent door.
  6247 | D:5      | Noticed pkoi's ghost (novice DgAE)
  6300 | D:5      | Found an ancient bone altar of Kikubaaqudgha.
  6624 | D:6      | Reached skill level 7 in Fire Magic
  6644 | D:6      | Found Gistru Nepp's Book Emporium.
  6752 | D:6      | Mangled by an orc warrior
  6753 | D:6      | Reached XP level 6. HP: -6/24 MP: 7/11
  6759 | D:6      | Found a broken altar of Ashenzari.
  6836 | D:6      | Noticed an ice beast
  6844 | D:6      | Killed an ice beast
  6845 | D:6      | Reached XP level 7. HP: 10/27 MP: 9/12
  6896 | D:6      | Reached ** piety under Jiyva
  7020 | D:6      | Found a staircase to the Ecumenical Temple.
  7280 | D:6      | Noticed Pikel
  7286 | D:6      | Found Qubaci's Weapon Shop.
  7305 | D:6      | Killed Pikel
  7306 | D:6      | Reached skill level 8 in Fire Magic
  7306 | D:6      | Reached XP level 8. HP: 31/31 MP: 2/13
  7499 | D:8      | Reached skill level 5 in Dodging
  7609 | D:7      | Reached skill level 9 in Fire Magic
  7611 | D:7      | Gained mutation: You are weak. (Str -2) [potion of
                  | mutation]
  7611 | D:7      | Gained mutation: Your body sometimes deteriorates upon
                  | taking damage. [potion of mutation]
  7611 | D:7      | Gained mutation: You are somewhat resistant to further
                  | mutation. [potion of mutation]
  7615 | D:7      | Found a hazy altar of Hepliaklqana.
  7782 | D:7      | Reached skill level 1 in Fighting
  8018 | D:7      | Noticed a gargoyle
  8026 | D:7      | Killed a gargoyle
  8027 | D:7      | Reached skill level 5 in Conjurations
  8027 | D:7      | Reached XP level 9. HP: 10/35 MP: 2/14
  8451 | D:7      | Found Cunoc's Book Boutique.
  8481 | D:7      | Reached skill level 10 in Fire Magic
  8570 | D:7      | Found Vecsaffo's Gadget Gallery.
  8946 | D:8      | Reached *** piety under Jiyva
  9064 | D:8      | Noticed a two-headed ogre
  9078 | D:8      | Slain by a two-headed ogre
  9079 | D:8      | Reached XP level 8. HP: -5/32 MP: 8/13
  9106 | D:8      | Killed a two-headed ogre
  9107 | D:8      | Reached skill level 11 in Fire Magic
  9107 | D:8      | Reached XP level 9. HP: 35/35 MP: 11/14
  9221 | D:8      | Lost mutation: Your body sometimes deteriorates upon taking
                  | damage. [Jiyva's grace]
  9221 | D:8      | Gained mutation: Your mind is acute. (Int +2) [Jiyva's
                  | grace]
  9221 | D:8      | Gained mutation: Your mind is very acute. (Int +4) [Jiyva's
                  | grace]
  9221 | D:8      | Gained mutation: You are covered in slimy tendrils that may
                  | disarm your opponents. [Jiyva's grace]
  9221 | D:8      | Gained mutation: You are partially covered in iridescent
                  | scales. (AC +2) [Jiyva's grace]
  9489 | D:9      | Noticed a troll
  9623 | D:9      | Found a shadowy altar of Dithmenos.
  9686 | D:9      | Killed a troll
  9687 | D:9      | Reached skill level 12 in Fire Magic
  9713 | D:9      | Reached **** piety under Jiyva
  9933 | D:9      | Killed Gastronok
 10236 | D:9      | Found a white marble altar of Elyvilon.
 10435 | D:10     | Entered Level 10 of the Dungeon
 10617 | D:10     | Reached skill level 1 in Unarmed Combat
 10617 | D:10     | Reached XP level 10. HP: 22/39 MP: 5/15
 10641 | D:10     | Noticed a sun demon
 10647 | D:10     | Slain by a sun demon
 10648 | D:10     | Reached XP level 9. HP: -5/34 MP: 14/15
 10648 | D:10     | Found a snail-covered altar of Cheibriados.
 10648 | D:10     | Found a radiant altar of Vehumet.
 10667 | D:10     | Reached ***** piety under Jiyva
 10699 | D:10     | Killed a kobold demonologist
 10728 | D:10     | Killed a kobold demonologist
 10752 | D:10     | Found a glowing golden altar of the Shining One.
 10801 | D:10     | Found a staircase to the Orcish Mines.
 10890 | D:10     | Found a staircase to the Lair.
 11173 | D:6      | Bought a Young Poisoner's Handbook for 200 gold pieces
 11210 | D:8      | Learned a level 4 spell: Olgreb's Toxic Radiance
 11326 | D:11     | Reached skill level 1 in Poison Magic
 11354 | D:11     | Found Befrad's Assorted Antiques.
 11412 | D:11     | Lost mutation: You are partially covered in iridescent
                  | scales. (AC +2) [Jiyva's grace]
 11412 | D:11     | Lost mutation: Your mind is very acute. (Int +4) [Jiyva's
                  | grace]
 11412 | D:11     | Gained mutation: Your system is resistant to poisons.
                  | (rPois) [Jiyva's grace]
 11412 | D:11     | Gained mutation: You are robust. (+10% HP) [Jiyva's grace]
 11412 | D:11     | Gained mutation: You are very robust. (+20% HP) [Jiyva's
                  | grace]
 11412 | D:11     | Gained mutation: You are extremely robust. (+30% HP)
                  | [Jiyva's grace]
 11554 | D:11     | Noticed Erica
 12010 | D:11     | Killed Erica
 12011 | D:11     | Reached XP level 10. HP: 52/52 MP: 12/17
 12219 | D:11     | Reached skill level 13 in Fire Magic
 12393 | D:12     | Noticed Fannar
 12395 | D:12     | Noticed a deep elf pyromancer
 12395 | D:12     | Noticed a centaur warrior
 12397 | D:12     | Noticed a gargoyle
 12557 | D:5      | Killed pkoi's ghost
 12748 | D:12     | Noticed a deep elf pyromancer
 12748 | D:12     | Noticed a two-headed ogre
 12752 | D:12     | Killed a two-headed ogre
 12755 | D:12     | Killed a deep elf pyromancer
 12846 | D:12     | Killed a gargoyle
 12962 | D:12     | Killed Fannar
 13002 | D:12     | Killed a centaur warrior
 13003 | D:12     | Reached XP level 11. HP: 28/55 MP: 15/18
 13026 | D:12     | Killed a deep elf pyromancer
 13163 | D:12     | Noticed a two-headed ogre
 13171 | D:12     | Killed a two-headed ogre
 13308 | D:13     | Noticed a centaur warrior
 13313 | D:13     | Shot with an arrow by a centaur warrior

Illustrated notes

Levels and vault maps discovered:
D:1:      sevenhm_arrival_forest_fort_large_2, layout_basic, serial_shops, shop
D:2:      layout_loops_corners, serial_shops, shop, basic_altar, uniq_jessica,
          uniq_terence
D:3:      layout_loops_ring
D:4:      layout_gridville, gup_sewer_entry_glass, columned_hall_lemuel
D:5:      layout_loops_ring, kennysheep_vampire_church,
          gammafunk_temple_overflow_pools, ebering_ghost_disaster_area,
          small_statue_intersection
D:6:      layout_loops_cross, ashenzari_altar_1, minmay_temple_entry_hall,
          serial_shops, nicolae_shop_bloodbath_and_beyond, nicolae_shop_trees,
          minivault_23, st_stairs_1, uniq_pikel
D:7:      layout_basic, mainiacjoe_overflow_paths, serial_shops,
          nicolae_shop_hallway_plus, nicolae_shop_gadgets
D:8:      layout_loops_ring, serial_bayou_pond_e
D:9:      wander_river, layout_basic, nicolae_dithmenos_shadow_blocks,
          lemuel_coloured_pillars_altar, uniq_gastronok
D:10:     layout_rooms, tso_metal_star, grunt_temple_overflow_open,
          dpeg_oklobed_lair, orc_0_dummy, serial_corexii_hall,
          chequers_hall_statues_wall_a, chequers_hall_statues_wall_a,
          minmay_misc_feat_x
D:11:     layout_roguey, serial_shops, nicolae_shop_behind_doors,
          minmay_misc_feat_chi, uniq_erica
D:12:     layout_long_grid, uniq_fannar
D:13:     layout_gridville, grunt_vaults_entry_fortified

Skill      XL: |  1  2  3  4  5  6  7  8  9 10 11 |
---------------+----------------------------------+-----
Fire Magic     | 3 5 8 11 12 13 | 13.8
Dodging        | 3 4 5 6 7 |  7.3
Conjurations   | 1 2 4 6 7 |  7.0
Stealth        | 3 |  3.3
Spellcasting   | 3 4 |  4.0
Fighting       | 1 2 |  2.3
Unarmed Combat | 1 |  1.1
Poison Magic   | 1 3 4 |  4.3
Evocations     | |  0.5

Action                   |  1- 3 |  4- 6 |  7- 9 | 10-12 || total
-------------------------+-------+-------+-------+-------++-------
Melee: Unarmed           |    13 |    34 |    50 |     8 ||   105
       Bite              |     2 |     4 |     4 |       ||    10
       Punch             |       |     1 |       |       ||     1
 Cast: Foxfire           |    44 |    88 |   120 |    35 ||   287
       Scorch            |     6 |    25 |   112 |    26 ||   169
       Flame Wave        |       |     4 |    20 |     3 ||    27
       Olgreb's Toxic Ra |       |       |       |     6 ||     6
Invok: Oozemancy         |       |       |       |     1 ||     1
Evoke: Wand              |       |       |     1 |     2 ||     3
  Use: Scroll            |     3 |     4 |     6 |     7 ||    20
       Potion            |       |     1 |     7 |     2 ||    10
 Stab: Sleeping          |       |       |     1 |       ||     1
Armor: Skin              |     3 |    17 |    23 |     1 ||    44
Dodge: Dodged            |    23 |    68 |   168 |    36 ||   295
Block: Other             |       |     1 |    39 |    13 ||    53
       Reflection        |       |       |     3 |     2 ||     5
